 Dungeon Crawl Stone Soup version 0.29.0-15-g675c0067aa (webtiles) character file.

Game seed: 13712522579313184837

301 qw the Chopper (level 6, -8/38 HPs)
             Began as a Gargoyle Fighter on Sept 11, 2022.
             Mangled by a gnoll bouda
             ... wielding a +0 club
              (10 damage)
             ... on level 4 of the Dungeon.
             The game lasted 00:01:04 (3428 turns).

qw the Chopper (Gargoyle Fighter)                   Turns: 3428, Time: 00:01:05

Health: -8/38      AC: 13    Str: 22    XL:     6   Next: 37%
Magic:  6/6        EV:  7    Int:  8    God:
Gold:   140        SH:  4    Dex:  9    Spells: 5/5 levels left

rFire   . . .      SeeInvis .   Y - +0 war axe
rCold   . . .      Faith    .   c - +0 buckler
rNeg    + . .      Spirit   .   g - +0 chain mail
rPois   inf        Reflect  .   (no helmet)
rElec   +          Harm     .   (no cloak)
rCorr   .          Rampage  .   (no gloves)
Will    .....                   (no boots)
Stlth   ..........              (no amulet)
HPRegen 0.12/turn               (no ring)
MPRegen 0.10/turn               (no ring)

@: no status effects
A: sickness immunity, AC +4, negative energy resistance 1, electricity
resistance, torment resistance 1, petrification resistance
a: no special abilities


You were on level 4 of the Dungeon.
You visited 1 branch of the dungeon, and saw 4 of its levels.

You collected 140 gold pieces.


Innate Abilities, Weirdness & Mutations

You are immune to sickness and miasma.
Your stone body is resilient. (AC +4)
You are immune to poison.
You resist negative energy. (rN+)
You are resistant to electric shocks. (rElec)
You are resistant to unholy torment.
You are immune to petrification.


   Skills:
 - Level 4.0 Fighting
 + Level 5.4 Axes
 - Level 1.0 Throwing
 - Level 3.2 Armour
 - Level 3.2 Shields


You had 5 spell levels left.
You didn't know any spells.
Your spell library was empty.

Inventory:

Hand Weapons
 o - a +0 mace
 Y - a +0 war axe (weapon)
Missiles
 i - 2 javelins (quivered)
Armour
 c - a +0 buckler (worn)
 g - a +0 chain mail (worn)
 k - an orb of guile
Jewellery
 m - a ring of fire
Scrolls
 b - a scroll of fog {unknown}
 e - a scroll of identify
Potions
 a - 2 potions of degeneration {unknown}
 d - 2 potions of might
 f - a potion of heal wounds {unknown}
 h - a potion of flight {unknown}
 j - a potion of haste {unknown}
 l - a potion of curing
 n - a potion of resistance {unknown}

Dungeon Overview and Level Annotations

Branches:
Dungeon (4/15)
 Temple: D:4-7

Altars:

Shops:
D:1 (


Message History

You barely miss the gnoll. You closely miss the gnoll.
You block the gnoll's attack. The gnoll closely misses you.
You block the gnoll's attack. The gnoll hits you but does no damage.
The gnoll hits you with a +0 flail!
You barely miss the gnoll bouda.
The gnoll bouda is moderately wounded.
You closely miss the gnoll. You hit the gnoll.
The gnoll bouda hits you but does no damage.
The gnoll hits you but does no damage. x2; The gnoll hits you with a +0 flail.
The gnoll hits you with a +0 club.
You hit the gnoll.
The gnoll is heavily wounded.
You barely miss the gnoll. You barely miss the gnoll bouda.
The gnoll bouda hits you but does no damage.
You block the gnoll's attack. The gnoll completely misses you. x2
The gnoll hits you with a +0 club. The gnoll closely misses you.
The gnoll bouda hits you with a +0 club.
The gnoll hits you but does no damage.
You hit the gnoll.
The gnoll is severely wounded.
You barely miss the gnoll.
You hit the gnoll bouda but do no damage.
The gnoll closely misses you. You block the gnoll bouda's attack.
The gnoll hits you from afar with a +0 spear.
You block the gnoll's attack. The gnoll hits you but does no damage.
You slash the gnoll!
You kill the gnoll!
You closely miss the gnoll. You closely miss the gnoll bouda.
The gnoll bouda hits you but does no damage.
The gnoll hits you but does no damage.
The gnoll hits you from afar with a +0 spear.
The gnoll hits you with a +0 flail.
You slash the gnoll bouda!
The gnoll bouda is severely wounded.
You closely miss the gnoll.
The gnoll bouda hits you but does no damage.
The gnoll barely misses you. You block the gnoll's attack.
The gnoll hits you but does no damage. x2
The gnoll bouda hits you with a +0 club!
You die...

........... ...........
###.......# ####
##......# #.... #......#
#....## #.....<. #......
##....##
#.....g#############....
#....gg@...............#
#.....)###############.#
####.g. #.. #... #..
#### ###.. #.... #....
#.... #....


You could see a gnoll bouda and 3 gnolls.

Vanquished Creatures
  A black bear (D:4)
  A hound (D:4)
  A jelly (D:4)
  4 adders
  2 gnolls (D:4)
  An ufetubus (D:3)
  A worm (D:2)
  3 dart slugs
  6 orcs
  6 bats
  7 endoplasms
  6 giant cockroaches
  11 goblins
  6 hobgoblins
  5 kobolds
  3 quokkas
  6 ball pythons
  4 frilled lizards
  3 rats
77 creatures vanquished.

Notes
Turn   | Place    | Note
-------+----------+-------------------------------------------
     0 | D:1      | qw the Gargoyle Fighter began the quest for the Orb.
     0 | D:1      | Reached XP level 1. HP: 14/14 MP: 1/1
     0 | D:1      | 0 ||| qw: Version: 0.1-a-119-g272c26d
     0 | D:1      | 0 ||| qw: Game counter: 10634
     0 | D:1      | 0 ||| qw: Always use a shield: true
     0 | D:1      | 0 ||| qw: God list: Okawaru
     0 | D:1      | 0 ||| qw: Allow faded altars: false
     0 | D:1      | 0 ||| qw: Do Orc after D:15 true
     0 | D:1      | 0 ||| qw: Do second Lair branch before Depths: true
     0 | D:1      | 0 ||| qw: Lair rune preference: random
     0 | D:1      | 0 ||| qw: Plans: Normal, Zot, God:TSO, Crypt, Tomb, Zig,
                  | Orb
     0 | D:1      | 0 ||| PLANNING D:1-11
    46 | D:1      | Reached skill level 2 in Axes
    58 | D:1      | Found Lyzonk's Antique Weapon Shop.
    77 | D:1      | Reached XP level 2. HP: 19/19 MP: 2/2
   153 | D:1      | 153 ||| SHOPLISTING glowing mace (156 gold, have 14).
   153 | D:1      | 153 ||| SHOPLISTING runed mace (156 gold, have 14).
   153 | D:1      | 153 ||| SHOPLISTING whip (65 gold, have 14).
   298 | D:1      | Found a faded altar of an unknown god.
   335 | D:1      | 335 ||| Stepping ~*~*~tactically~*~*~ (hiding).
   486 | D:1      | Reached skill level 3 in Axes
   550 | D:1      | 550 ||| Stepping ~*~*~tactically~*~*~ (stealth).
   553 | D:1      | Reached XP level 3. HP: 23/23 MP: 3/3
   964 | D:1      | 964 ||| DROPPING +0 club.
  1021 | D:1      | 1021 ||| DROPPING amulet of magic regeneration.
  1022 | D:1      | 1022 ||| READING scroll labelled OSAUWN JISIL.
  1023 | D:1      | 1023 ||| READING scroll labelled UFREBL UBBINIPT.
  1024 | D:1      | 1024 ||| READING scroll labelled DEATSY DUVYTAO.
  1025 | D:1      | 1025 ||| DRINKING 2 sapphire potions.
  1026 | D:1      | 1026 ||| DROPPING potion of brilliance.
  1047 | D:2      | 1047 ||| STAIRDANCE
  1078 | D:2      | Reached skill level 1 in Throwing
  1094 | D:2      | Identified the +3 ring mail of Resilience {-Tele Harm
                  | *Corrode MP+9}
  1721 | D:2      | Reached XP level 4. HP: 28/28 MP: 4/4
  2039 | D:2      | 2039 ||| DROPPING +3 ring mail of Resilience {-Tele Harm
                  | *Corrode MP+9}.
  2040 | D:2      | 2040 ||| UPGRADING to +0 chain mail.
  2050 | D:2      | 2050 ||| DROPPING +0 scale mail.
  2051 | D:2      | 2051 ||| READING 3 scrolls labelled ODAXER CIOSAU.
  2052 | D:2      | 2052 ||| READING 3 scrolls labelled QEIFOA XAULU.
  2053 | D:2      | 2053 ||| READING scroll labelled SAUTZO VOWKEK.
  2057 | D:2      | 2057 ||| DRINKING 2 smoky puce potions.
  2058 | D:2      | 2058 ||| READING 2 scrolls of identify.
  2058 | D:2      | 2058 ||| IDENTIFYING coppery potion
  2059 | D:2      | 2059 ||| DROPPING potion of invisibility.
  2060 | D:2      | 2060 ||| DROPPING 2 scrolls of amnesia.
  2222 | D:3      | Reached skill level 4 in Axes
  2274 | D:3      | 2274 ||| Stepping ~*~*~tactically~*~*~ (stealth).
  2275 | D:3      | 2275 ||| Stepping ~*~*~tactically~*~*~ (stealth).
  2707 | D:4      | Noticed a black bear
  2711 | D:4      | 2711 ||| STAIRDANCE
  2723 | D:4      | HP: 7/28 [black bear (5)]
  2726 | D:4      | Killed a black bear
  2727 | D:4      | Reached skill level 5 in Axes
  2727 | D:4      | Reached XP level 5. HP: 7/32 MP: 5/5
  2727 | D:4      | 2727 ||| STAIRDANCE
  3022 | D:4      | Reached XP level 6. HP: 38/38 MP: 6/6
  3088 | D:4      | 3088 ||| Stepping ~*~*~tactically~*~*~ (stealth).
  3100 | D:4      | 3100 ||| Stepping ~*~*~tactically~*~*~ (stealth).
  3113 | D:4      | 3113 ||| FLEEEEING.
  3140 | D:4      | 3140 ||| FLEEEEING.
  3152 | D:4      | 3152 ||| Stepping ~*~*~tactically~*~*~ (stealth).
  3210 | D:4      | 3210 ||| Stepping ~*~*~tactically~*~*~ (stealth).
  3293 | D:4      | 3293 ||| Stepping ~*~*~tactically~*~*~ (stealth).
  3294 | D:4      | 3294 ||| Stepping ~*~*~tactically~*~*~ (stealth).
  3427 | D:4      | HP: 7/38 [gnoll/+0 spear[a gnoll bouda] (4)]
  3427 | D:4      | HP: 2/38 [gnoll/+0 flail[a gnoll bouda] (5)]
  3428 | D:4      | Mangled by a gnoll bouda

Levels and vault maps discovered:
D:1:      amcnicky_arrival_feature_with_door, layout_basic,
          hellmonk_ecumenical_altar_crossroads, serial_shops,
          nicolae_diamond_shop, nrook_loot_triangle,
          chequers_serial_rivers_room_b, chequers_decorated_corner,
          serial_bayou_pond_e
D:2:      layout_basic
D:3:      layout_rooms
D:4:      layout_basic, minmay_circle_x

Skill      XL: |  1  2  3  4  5  6 |
---------------+-------------------+-----
Axes           | 2 3 5 |  5.4
Throwing       | 1 |  1.0
Fighting       | 4 |  4.0
Armour         | |  3.2
Shields        | |  3.2

Action                   |  1- 3 |  4- 6 || total
-------------------------+-------+-------++-------
Melee: War axe           |    67 |   112 ||   179
Throw: Javelin           |    16 |    21 ||    37
  Use: Scroll            |     3 |     4 ||     7
       Potion            |     1 |     1 ||     2
Armor: Scale mail        |    31 |     3 ||    34
       Chain mail        |       |    88 ||    88
Dodge: Dodged            |    32 |    59 ||    91
Block: Buckler           |    13 |    25 ||    38

Table legend:
 A = Non-vault XP
 B = Vault XP
 C = Vault XP percentage of total XP
 D = Non-vault monster count
 E = Vault monster count
 F = Vault count percentage of total count
                 A         B        C        D         E       F
            +---------+---------+-------+---------+---------+-------
      Total |     377 |      54 |  12.5 |      71 |       6 |   7.8
            +---------+---------+-------+---------+---------+-------
        D:1 |      43 |       0 |   0.0 |      23 |       0 |   0.0
        D:2 |      57 |       0 |   0.0 |      16 |       0 |   0.0
        D:3 |      59 |       0 |   0.0 |      22 |       0 |   0.0
        D:4 |     218 |      54 |  19.9 |      10 |       6 |  37.5
            +---------+---------+-------+---------+---------+-------
